[Event "Titled Tuesday Blitz December 20 Early 2022"]
[White "Ivan11Martic"]
[Black "Harkness, Bryan"]
[BlackFideId "444227"]
[WhiteElo "2528"]
[BlackElo "1935"]
[Result "1-0"]
[Round "01"]
[TimeControl "180+2"]
[Date "2022.12.20"]
[WhiteClock "0:00:36"]
[BlackClock "0:00:03"]

1. Nf3 d5 2. g3 Nf6 3. Bg2 c6 4. O-O Bf5 5. d3 e6 6. c4 h6 7. Qb3 Qb6 8. Be3 Qxb3 9. axb3 a6 10. Nc3 Nbd7 11. Rfc1 Bd6 12. cxd5 exd5 13. Nd4 Bg6 14. Bh3 O-O 15. Nf5 Bb4 16. Na2 Bxf5 17. Bxf5 Bd6 18. Bd4 Rfe8 19. Kf1 Be5 20. Bc3 Bxc3 21. bxc3 Nc5 22. Rab1 Ne6 23. b4 g6 24. Bh3 Ng5 25. Bg2 Rad8 26. Rc2 Kg7 27. Nc1 Ne6 28. Nb3 Nd7 29. Na5 Rb8 30. e3 Ne5 31. Rd1 Nc7 32. h3 Nb5 33. f4 Nd7 34. c4 Nc7 35. Kf2 dxc4 36. dxc4 Nf6 37. Rd4 Ne6 38. Rd6 Re7 39. e4 Ne8 40. Rd1 c5 41. Rb2 Rc7 42. e5 cxb4 43. Rxb4 Nc5 44. Bd5 b6 45. Nc6 Rbb7 46. Kf3 Ne6 47. Kf2 b5 48. Bxe6 fxe6 49. Nd8 Rd7 50. Nxe6+ Kf7 51. Nd8+ Ke7 52. Nc6+ Kf7 53. Rxd7+ Rxd7 54. cxb5 axb5 55. Rxb5 Rd2+ 56. Ke3 Ra2 57. Rb7+ Kf8 58. Nd4 Ra3+ 59. Kf2 Ra2+ 60. Kf3 Ra3+ 61. Rb3 Ra4 62. Ke3 Ng7 63. g4 h5 64. f5 hxg4 65. hxg4 gxf5 66. gxf5 Ra1 67. f6 Ne8 68. Rb7 Re1+ 69. Kf4 Rf1+ 70. Kg5 Rg1+ 71. Kf5 Rf1+ 72. Ke6 1-0


[Site "https://www.chess.com"]

[Event "Titled Tuesday Blitz December 20 Early 2022"]
[White "Jalapeno_Tractor_Schuppen"]
[Black "Ruzele, Darius"]
[BlackFideId "12800104"]
[WhiteElo "2631"]
[BlackElo "2531"]
[Result "1-0"]
[Round "01"]
[TimeControl "180+2"]
[Date "2022.12.20"]
[WhiteClock "0:01:30"]
[BlackClock "0:00:01"]

1. d4 d5 2. Nf3 e6 3. c4 c5 4. cxd5 cxd4 5. Qxd4 exd5 6. Nc3 Nf6 7. Bg5 Nc6 8. Bxf6 Nxd4 9. Bxd8 Nc2+ 10. Kd2 Nxa1 11. Bg5 Bf5 12. e3 f6 13. Nd4 Bd7 14. Bf4 g5 15. Bg3 h5 16. h3 Bb4 17. Bd3 h4 18. Bh2 g4 19. hxg4 Bxg4 20. Rxa1 h3 21. gxh3 Rxh3 22. Bg3 Kf7 23. a3 Bxc3+ 24. bxc3 Rah8 25. a4 Rh1 26. Rxh1 Rxh1 27. Nb5 Ra1 28. Bc2 Ra2 29. Kc1 Bd7 30. Kb1 Rxc2 31. Kxc2 a6 32. Nd6+ Ke6 33. Kb3 b6 34. a5 bxa5 35. Nb7 a4+ 36. Kb4 Bb5 37. Nc5+ Kf5 38. Nxa4 Ke4 39. Nb2 f5 40. c4 dxc4 41. Nxc4 Kd3 42. Nd6 Bd7 43. Ka5 Ke2 44. Kxa6 f4 45. exf4 Kf3 46. f5 Kg4 47. f6 Kg5 48. f7 1-0


[Site "https://www.chess.com"]

[Event "Titled Tuesday Blitz December 20 Early 2022"]
[White "JaloliddinIlkhomi"]
[Black "PattyCastillo"]
[WhiteElo "2533"]
[BlackElo "1827"]
[Result "1-0"]
[Round "01"]
[TimeControl "180+2"]
[Date "2022.12.20"]
[WhiteClock "0:00:35"]
[BlackClock "0:01:23"]

1. d4 d5 2. Bf4 Nf6 3. e3 c5 4. c3 Nc6 5. Nf3 Qb6 6. Qc2 Bf5 7. dxc5 Bxc2 8. cxb6 axb6 9. Na3 Bg6 10. Nb5 O-O-O 11. Ne5 e6 12. a4 Be7 13. a5 bxa5 14. Be2 Nh5 15. Bxh5 Bxh5 16. Kd2 f6 17. Nxc6 bxc6 18. Nd4 e5 19. Nxc6 Rd7 20. Bg3 d4 21. exd4 exd4 22. cxd4 Bb4+ 23. Nxb4 axb4 24. Ra8+ Kb7 25. Rxh8 1-0


[Site "https://www.chess.com"]

[Event "Titled Tuesday Blitz December 20 Early 2022"]
[White "Jasko, Pavel"]
[Black "Begmuratov, Khumoyun"]
[WhiteFideId "980463"]
[BlackFideId "14210207"]
[WhiteElo "1693"]
[BlackElo "2387"]
[Result "0-1"]
[Round "01"]
[TimeControl "180+2"]
[Date "2022.12.20"]
[WhiteClock "0:00:15"]
[BlackClock "0:01:32"]

1. d4 Nf6 2. c4 g6 3. g3 Bg7 4. Bg2 O-O 5. Nf3 d6 6. Nc3 c6 7. O-O Bf5 8. Nh4 Bc8 9. e4 e5 10. d5 cxd5 11. Nxd5 Nxd5 12. cxd5 f5 13. f4 exf4 14. Bxf4 g5 15. Nxf5 Bxf5 16. exf5 gxf4 17. Rxf4 Nd7 18. Qb3 Nc5 19. Qf3 Qf6 20. Rf1 Rae8 21. g4 Bh6 22. Rb4 Re3 23. Qd1 Nd3 24. Rxb7 Qd4 25. Qa4 Qxa4 0-1


[Site "https://www.chess.com"]

[Event "Titled Tuesday Blitz December 20 Early 2022"]
[White "JoliyRoger"]
[Black "NodariousBIG"]
[WhiteElo "2429"]
[BlackElo "2823"]
[Result "0-1"]
[Round "01"]
[TimeControl "180+2"]
[Date "2022.12.20"]
[WhiteClock "0:00:04"]
[BlackClock "0:00:58"]

1. d4 e6 2. Nf3 f5 3. g3 b6 4. Bg2 Bb7 5. O-O Nf6 6. c4 a5 7. d5 Na6 8. Nc3 Bb4 9. Bd2 O-O 10. a3 Bxc3 11. Bxc3 Nc5 12. b4 Nce4 13. Bb2 exd5 14. cxd5 Bxd5 15. Ng5 Be6 16. Bxf6 Qxf6 17. Nxe4 fxe4 18. Bxe4 Rae8 19. Qc2 h5 20. Bh7+ Kh8 21. Bg6 Bb3 22. Qd3 Re5 23. f4 Re6 24. Bxh5 a4 25. Bf3 Rd6 26. Qe3 Re6 27. Qf2 d5 28. Rac1 Rf7 29. Rfe1 d4 30. b5 Re3 31. Rc6 Qf5 32. Qg2 d3 33. h3 Rfe7 34. Kh2 Qxb5 35. Rc3 d2 36. Rxe3 dxe1=Q 37. Rxe7 Qc3 38. Re5 Qd7 39. Rh5+ Kg8 40. Re5 Bf7 41. h4 Qxa3 42. h5 Qad6 43. Rg5 a3 44. h6 Qxh6+ 45. Kg1 a2 0-1


[Site "https://www.chess.com"]

[Event "Titled Tuesday Blitz December 20 Early 2022"]
[White "Jovanovic, Dobrica"]
[Black "Larochelle, Martial"]
[WhiteFideId "928674"]
[BlackFideId "2016311"]
[WhiteElo "2164"]
[BlackElo "2039"]
[Result "1-0"]
[Round "01"]
[TimeControl "180+2"]
[Date "2022.12.20"]
[WhiteClock "0:00:08"]
[BlackClock "0:01:12"]

1. e4 e5 2. Nf3 Nf6 3. Nxe5 Nc6 4. Nxc6 dxc6 5. d3 Bc5 6. Be2 h5 7. h3 Qd6 8. c3 Bb6 9. Nd2 Be6 10. Nf3 Qe7 11. Be3 Bxe3 12. fxe3 O-O-O 13. Qa4 Qc5 14. Nd4 Rhe8 15. O-O-O Kb8 16. Kb1 Qb6 17. Bf3 c5 18. Nxe6 Rxe6 19. Rhe1 g5 20. g4 h4 21. d4 Nxe4 22. Bxe4 Rxe4 23. dxc5 Rde8 24. Qxe4 Qb5 25. Qd4 a5 26. e4 c6 27. e5 Ka7 28. a4 Qa6 29. Qd3 Qxd3+ 30. Rxd3 f6 31. e6 Kb8 32. e7 Kc7 33. Rd6 Rd8 34. exd8=Q# 1-0


[Site "https://www.chess.com"]

[Event "Titled Tuesday Blitz December 20 Early 2022"]
[White "Just_Lucky_1"]
[Black "Sanan_Sjugirov"]
[WhiteElo "2484"]
[BlackElo "2933"]
[Result "0-1"]
[Round "01"]
[TimeControl "180+2"]
[Date "2022.12.20"]
[WhiteClock "0:00:01"]
[BlackClock "0:00:05"]

1. e4 c5 2. Nf3 Nc6 3. d4 cxd4 4. Nxd4 Nf6 5. Nc3 d6 6. Bg5 e6 7. Qd2 a6 8. O-O-O Bd7 9. f4 Be7 10. Nf3 b5 11. Bxf6 gxf6 12. f5 Qb6 13. Kb1 b4 14. Ne2 e5 15. Ng3 h5 16. Bc4 Rc8 17. Qe2 Na5 18. Bd5 Bb5 19. Qe1 Ba4 20. Bb3 Nxb3 21. cxb3 Bc6 22. Rd3 a5 23. Nd2 Bb5 24. Nc4 Bxc4 25. bxc4 Rxc4 26. Qe2 Qc6 27. h4 a4 28. Rhd1 Rg8 29. Qf3 Rg4 30. Nxh5 Qxe4 31. Qf1 Rxg2 32. Ka1 Rcc2 33. Rxd6 Qe2 34. Qxe2 Rgxe2 35. Ra6 Red2 36. Rg1 a3 37. bxa3 Rxa2+ 38. Kb1 bxa3 39. Rg8+ Kd7 40. Ra7+ Kc6 41. Rc8+ Kb6 42. Rxe7 Rdb2+ 0-1


[Site "https://www.chess.com"]

[Event "Titled Tuesday Blitz December 20 Early 2022"]
[White "Karjakin, Sergey"]
[Black "guillembaches"]
[WhiteFideId "14109603"]
[WhiteElo "2747"]
[BlackElo "2464"]
[Result "1-0"]
[Round "01"]
[TimeControl "180+2"]
[Date "2022.12.20"]
[WhiteClock "0:00:45"]
[BlackClock "0:00:09"]

1. d4 Nf6 2. c4 e6 3. Nc3 d5 4. cxd5 Nxd5 5. e4 Nxc3 6. bxc3 c5 7. Rb1 Be7 8. Nf3 O-O 9. Bd3 b6 10. O-O Bb7 11. Qe2 Nc6 12. d5 exd5 13. e5 Qd7 14. Rd1 Rad8 15. Bf4 h6 16. Qc2 Bc8 17. h3 Rfe8 18. Re1 c4 19. Bh7+ Kh8 20. Rbd1 Bc5 21. Nd4 Nxd4 22. cxd4 Bb4 23. Re3 g6 24. Bxg6 fxg6 25. Qxg6 Qe6 26. Qh5 Bf8 27. Rf3 Bg7 28. Bg5 Rd7 29. Bf6 Kh7 30. Rg3 Bxf6 31. Rg6 Bg7 32. Rxe6 Rxe6 33. f4 Rg6 34. f5 Rg5 35. Qf3 Rf7 36. f6 Bf8 37. Qxd5 Kg8 38. Qxc4 Bxh3 39. Rd2 b5 40. Qb3 Bf5 41. e6 Bxe6 42. Qxe6 Rg6 43. Rf2 1-0


[Site "https://www.chess.com"]

[Event "Titled Tuesday Blitz December 20 Early 2022"]
[White "KarstenHansch"]
[Black "Schless, Sebastian"]
[BlackFideId "4697987"]
[WhiteElo "2520"]
[BlackElo "2056"]
[Result "0-1"]
[Round "01"]
[TimeControl "180+2"]
[Date "2022.12.20"]
[WhiteClock "0:00:12"]
[BlackClock "0:01:09"]

1. e4 c5 2. Nf3 d6 3. d4 cxd4 4. Nxd4 Nf6 5. Nc3 e5 6. Bb5+ Bd7 7. Bxd7+ Qxd7 8. Nf5 Qc6 9. O-O Nbd7 10. Bg5 h6 11. Bxf6 Nxf6 12. Re1 Rc8 13. Rc1 h5 14. Nd5 Nxd5 15. exd5 Qd7 16. Qd3 g6 17. Ng3 f5 18. f4 Bg7 19. c4 O-O 20. fxe5 dxe5 21. c5 e4 22. Qb3 Kh7 23. Kh1 Rc7 24. Qa3 Qxd5 25. Qxa7 Rfc8 26. b4 Rd7 27. Qa4 Rcd8 28. Nf1 f4 29. Qc2 e3 30. b5 Rc8 31. Red1 Qe6 32. Rxd7 Qxd7 33. c6 bxc6 34. bxc6 Qd6 35. Qe4 Rc7 36. g3 Re7 37. Qxf4 Qd5+ 38. Kg1 e2 39. c7 Bd4+ 40. Qxd4 Qxd4+ 0-1


[Site "https://www.chess.com"]

[Event "Titled Tuesday Blitz December 20 Early 2022"]
[White "KerryStead"]
[Black "Alphafischer2019"]
[WhiteElo "2033"]
[BlackElo "2543"]
[Result "0-1"]
[Round "01"]
[TimeControl "180+2"]
[Date "2022.12.20"]
[WhiteClock "0:00:01"]
[BlackClock "0:00:06"]

1. d4 Nf6 2. f3 d5 3. e4 dxe4 4. Nc3 e3 5. Bxe3 g6 6. Bc4 Bg7 7. Nge2 O-O 8. Qd2 c6 9. O-O-O Qa5 10. Kb1 b5 11. Bb3 Qb4 12. Ng3 a5 13. a3 Qd6 14. Nge4 Qd8 15. Bh6 b4 16. Nxf6+ exf6 17. Ne4 bxa3 18. bxa3 Bf5 19. Bxg7 Kxg7 20. g3 Nd7 21. g4 Bxe4 22. fxe4 Qb6 23. Ka1 Rfb8 24. Rb1 Qc7 25. h4 Qd6 26. Ka2 Nb6 27. a4 c5 28. c4 cxd4 29. g5 Nd7 30. h5 fxg5 31. Qxg5 Qe5 32. Qg2 Nc5 33. hxg6 hxg6 34. Rhf1 Qxe4 35. Qf2 f5 36. Rfe1 Nd3 37. Rxe4 Nxf2 38. Rxd4 Ne4 39. Ka3 Kf6 40. Rf1 Nc5 41. Bc2 Rb6 42. Rb1 Rab8 43. Rxb6+ Rxb6 44. Rd5 Rc6 45. Bb3 g5 46. Kb2 f4 47. Kc3 Nxb3 48. Kxb3 f3 49. c5 g4 50. Rd4 Kf5 51. Rd5+ Kf4 0-1


[Site "https://www.chess.com"]

[Event "Titled Tuesday Blitz December 20 Early 2022"]
[White "Kopylov_Alex"]
[Black "emeli_chess"]
[WhiteElo "2790"]
[BlackElo "2405"]
[Result "1-0"]
[Round "01"]
[TimeControl "180+2"]
[Date "2022.12.20"]
[WhiteClock "0:01:28"]
[BlackClock "0:00:19"]

1. e4 e5 2. Nf3 Nc6 3. Nc3 Nf6 4. h3 d5 5. exd5 Nxd5 6. Bb5 Nxc3 7. bxc3 Bd6 8. O-O O-O 9. Re1 Re8 10. d4 exd4 11. Rxe8+ Qxe8 12. cxd4 a6 13. Bd3 Nxd4 14. Nxd4 Qe5 15. Be3 Qh2+ 16. Kf1 Qh1+ 17. Ke2 Qxg2 18. Qh1 Qxh3 19. Qxh3 Bxh3 20. Bxh7+ Kf8 21. Bf5 Bxf5 22. Nxf5 Be5 23. Rh1 g6 24. Ng3 b6 25. Kf3 Rd8 26. Ne4 f5 27. Ng5 Rd5 28. Rh7 Ra5 29. Ne6+ Kg8 30. Rd7 Rxa2 31. Nxc7 Rxc2 32. Nxa6 b5 33. Rd5 Bf6 34. Rxb5 Kf7 35. Rb7+ Ke6 36. Rb6+ Kf7 37. Rb7+ Ke6 38. Nc5+ Kd5 39. Rb6 Bd4 40. Bxd4 Kxd4 41. Ne6+ Ke5 42. Ng5 Rc3+ 43. Kg2 f4 44. Rxg6 Kf5 45. Rg8 Rc6 46. Nf3 1-0


[Site "https://www.chess.com"]

[Event "Titled Tuesday Blitz December 20 Early 2022"]
[White "Korchmar_Vasiliy"]
[Black "Benecke, Torsten"]
[BlackFideId "16240995"]
[WhiteElo "2703"]
[BlackElo "1988"]
[Result "1-0"]
[Round "01"]
[TimeControl "180+2"]
[Date "2022.12.20"]
[WhiteClock "0:00:09"]
[BlackClock "0:00:01"]

1. e4 c5 2. Nf3 e6 3. d4 cxd4 4. Nxd4 Nc6 5. Nc3 Qc7 6. Be2 Nf6 7. O-O Be7 8. Be3 O-O 9. f4 d6 10. Nb3 a6 11. a4 b6 12. g4 Bb7 13. g5 Nd7 14. f5 exf5 15. Nd5 Qd8 16. exf5 Bxg5 17. Qd2 Bxe3+ 18. Qxe3 Nce5 19. Rad1 Re8 20. Qg3 Nf6 21. Nf4 Ne4 22. Qh3 Qg5+ 23. Ng2 Rac8 24. Nd4 Nd2 25. Rf2 Nec4 26. f6 Ne4 27. Rf5 Qg6 28. Bh5 Qh6 29. fxg7 Nf6 30. Bxf7+ Kxg7 31. Qxh6+ Kxh6 32. Rxf6+ Kg7 33. Bxe8 Kxf6 34. Re1 Ne5 35. Bh5 Rg8 36. Re2 Rg5 37. Rf2+ Ke7 38. Be2 Ng6 39. Nf5+ Ke6 40. Ng3 Ne5 41. Nf4+ Kd7 42. Nd3 Nc4 43. Rf7+ Kc8 44. Rf8+ Kc7 45. Rf7+ Kb8 46. b3 Ne3 47. Rxh7 Nxc2 48. Kf2 Nd4 49. b4 Rg8 50. Ke3 Nc2+ 51. Kd2 Nd4 52. Bd1 Nc6 53. Rh4 d5 54. b5 axb5 55. axb5 Ne7 56. Rh7 Nc8 57. Bf3 Nd6 58. h4 Rf8 59. Bg2 Nxb5 60. Rg7 Nd6 61. h5 Nc4+ 62. Kc3 Rf2 63. Rxb7+ 1-0


[Site "https://www.chess.com"]

[Event "Titled Tuesday Blitz December 20 Early 2022"]
[White "Kukku, Ramesh"]
[Black "Orange_Ghost"]
[WhiteFideId "25695606"]
[WhiteElo "1575"]
[BlackElo "2740"]
[Result "0-1"]
[Round "01"]
[TimeControl "180+2"]
[Date "2022.12.20"]
[WhiteClock "0:00:50"]
[BlackClock "0:01:10"]

1. Nc3 d5 2. f4 d4 3. Ne4 Bf5 4. d3 Nf6 5. Nxf6+ exf6 6. e4 dxe3 7. Bxe3 Nc6 8. Nf3 Bd6 9. Be2 Qe7 10. Qd2 O-O-O 11. Kf2 Rhe8 12. Rhe1 Bc5 13. Bxc5 Qxc5+ 14. Kf1 Nb4 15. Rac1 Nd5 16. d4 Qb6 17. Bd3 Bxd3+ 18. cxd3 Qa6 19. b3 Qd6 20. g3 Qd7 21. Kg2 Qg4 22. h3 Qf5 23. Rxe8 Rxe8 24. Re1 Rxe1 25. Qxe1 Kd7 26. Qe4 Qxe4 27. dxe4 Nc3 28. e5 Nxa2 29. exf6 gxf6 30. Nh4 Nc1 31. b4 Na2 32. Nf5 Nxb4 33. Kf3 a5 34. Ke4 a4 35. Ne3 a3 0-1


[Site "https://www.chess.com"]

[Event "Titled Tuesday Blitz December 20 Early 2022"]
[White "Liaqat, Ali ISB"]
[Black "Kucherov, Konstantin"]
[WhiteFideId "7807058"]
[BlackFideId "34136280"]
[WhiteElo "1927"]
[BlackElo "1983"]
[Result "1-0"]
[Round "01"]
[TimeControl "180+2"]
[Date "2022.12.20"]
[WhiteClock "0:01:32"]
[BlackClock "0:01:15"]

1. d4 Nf6 2. c4 b6 3. Nc3 Bb7 4. Qc2 d5 5. cxd5 Nxd5 6. Nf3 e6 7. e4 Nxc3 8. bxc3 Be7 9. Bb5+ c6 10. Bd3 O-O 11. e5 h6 12. h4 c5 13. Rh3 cxd4 14. Bxh6 f5 15. Rg3 Rf7 16. Nxd4 Qd5 17. Qe2 Kh7 18. Bxg7 Rxg7 19. Qh5+ Kg8 20. Qe8+ Bf8 21. Rxg7+ Kxg7 22. Nxe6+ Kh7 23. Qf7+ Kh6 24. Qxf8+ 1-0


[Site "https://www.chess.com"]

[Event "Titled Tuesday Blitz December 20 Early 2022"]
[White "LileKoridze"]
[Black "andrew-blr"]
[WhiteElo "2345"]
[BlackElo "2619"]
[Result "1-0"]
[Round "01"]
[TimeControl "180+2"]
[Date "2022.12.20"]
[WhiteClock "0:00:36"]
[BlackClock "0:00:03"]

1. d4 d5 2. c4 e6 3. Nf3 c5 4. cxd5 exd5 5. g3 Nc6 6. Bg2 Nf6 7. O-O Be7 8. Nc3 O-O 9. b3 Bg4 10. dxc5 Bxc5 11. Bb2 Re8 12. Na4 Be7 13. Nd4 Ne5 14. h3 Bh5 15. g4 Bg6 16. f4 Nexg4 17. hxg4 Nxg4 18. Qd2 Bf6 19. Rf3 Be4 20. Rg3 h5 21. Bf3 Bh4 22. Rg2 Bxf3 23. exf3 Ne3 24. Rxg7+ Kf8 25. Rh7 Bf6 26. Ba3+ Kg8 27. Rxh5 Qd7 28. Kf2 Nf5 29. Rg1+ Ng7 30. Nf5 Qe6 31. Nxg7 Bd4+ 32. Qxd4 Qe2+ 33. Kg3 Re6 34. Nxe6 fxe6 35. Qh8+ 1-0


[Site "https://www.chess.com"]

[Event "Titled Tuesday Blitz December 20 Early 2022"]
[White "Lim, Seng Hoo"]
[Black "Mac Intyre, Paul"]
[WhiteFideId "5800021"]
[BlackFideId "2014505"]
[WhiteElo "2440"]
[BlackElo "2246"]
[Result "0-1"]
[Round "01"]
[TimeControl "180+2"]
[Date "2022.12.20"]
[WhiteClock "0:00:14"]
[BlackClock "0:00:10"]

1. e4 g6 2. d4 Bg7 3. Be3 d6 4. Nc3 a6 5. Qd2 b5 6. a3 Nd7 7. h4 h5 8. Nf3 Bb7 9. O-O-O Ngf6 10. Bd3 Ng4 11. Bg5 f6 12. Bf4 e5 13. Bg3 Qe7 14. Rhe1 c6 15. Kb1 Bh6 16. Qe2 O-O 17. dxe5 fxe5 18. Ng1 Nc5 19. f3 Nf6 20. Nh3 Ne6 21. Qf1 Nd7 22. Qg1 a5 23. Na2 Ndc5 24. Bf2 Kg7 25. Be3 Bxe3 26. Qxe3 Qxh4 27. Bf1 Rad8 28. Rd2 Nd4 29. Red1 Bc8 30. c3 Ndb3 31. Ng5 Rf6 32. Re2 Qf4 33. Qxf4 Rxf4 34. Nc1 Kh6 35. Nh3 Rf6 36. Nxb3 Nxb3 37. Kc2 a4 38. Re3 Bxh3 39. gxh3 Nc5 40. Bg2 Ne6 41. h4 Nf4 42. Bf1 g5 43. hxg5+ Kxg5 44. c4 bxc4 45. Bxc4 d5 46. exd5 cxd5 47. Rxe5+ Rf5 48. Rxf5+ Kxf5 49. Bd3+ Kf6 50. Rg1 h4 51. Rg4 Nxd3 52. Kxd3 Rh8 53. Rg2 h3 54. Rh2 Ke5 55. Ke3 d4+ 56. Kd3 Kf4 57. Kxd4 Kg3 58. Rc2 h2 59. Rc1 h1=Q 60. Rxh1 Rxh1 61. Kc4 Rb1 62. Kb4 Kxf3 63. Kxa4 Rxb2 64. Ka5 Ke4 65. a4 Kd5 66. Ka6 Kc6 67. a5 Rb5 68. Ka7 Rxa5+ 69. Kb8 Ra6 70. Kc8 Ra8# 0-1


[Site "https://www.chess.com"]

[Event "Titled Tuesday Blitz December 20 Early 2022"]
[White "Linhart, Wolfgang"]
[Black "Blackwood, Ryan"]
[WhiteFideId "4636244"]
[BlackFideId "7400640"]
[WhiteElo "2114"]
[BlackElo "1941"]
[Result "0-1"]
[Round "01"]
[TimeControl "180+2"]
[Date "2022.12.20"]
[WhiteClock "0:00:20"]
[BlackClock "0:02:17"]

1. e4 e5 2. Nf3 Nc6 3. Bc4 Nf6 4. Ng5 d5 5. exd5 Na5 6. Bb5+ c6 7. dxc6 bxc6 8. Be2 h6 9. Nf3 e4 10. Ne5 Bc5 11. c3 Bd6 12. d4 exd3 13. Nxd3 Qc7 14. h3 O-O 15. O-O Bf5 16. Qa4 Rfe8 17. Nf4 Re4 18. b4 Bxf4 19. Bxf4 Qxf4 20. Bf3 Re5 21. Na3 Rd8 22. Rfe1 Rxe1+ 23. Rxe1 Nc4 24. Nxc4 Qxc4 25. Qxc6 Qxc6 26. Bxc6 Rc8 27. b5 Bd7 28. Bxd7 Nxd7 29. Re7 Rc7 30. c4 Kf8 31. Re4 Nb6 32. Kf1 Nxc4 33. Ke2 Nd6 34. Rb4 Rc2+ 35. Kd3 Rxa2 36. Kd4 Rxf2 37. Kd5 Nc8 38. Rc4 Nb6+ 0-1


[Site "https://www.chess.com"]

[Event "Titled Tuesday Blitz December 20 Early 2022"]
[White "Malich, Burkhard, Dr."]
[Black "Jabborov, Sanjar"]
[WhiteFideId "4611330"]
[BlackFideId "14219263"]
[WhiteElo "2323"]
[BlackElo "1449"]
[Result "0-1"]
[Round "01"]
[TimeControl "180+2"]
[Date "2022.12.20"]
[WhiteClock "0:00:02"]
[BlackClock "0:00:14"]

1. d4 d5 2. c4 e6 3. Nf3 Nf6 4. g3 c5 5. cxd5 exd5 6. Bg2 Nc6 7. O-O cxd4 8. Nxd4 Bc5 9. Nb3 Bb6 10. Nc3 d4 11. Na4 O-O 12. Nxb6 Qxb6 13. Bg5 Ng4 14. h3 Nge5 15. Rc1 h6 16. Bf4 Ng6 17. Bd6 Rd8 18. Bc5 Qa6 19. Nxd4 Qxa2 20. Qb3 Qxb3 21. Nxb3 Be6 22. Rc3 Rac8 23. Be3 Bd5 24. Nc5 Bxg2 25. Kxg2 b6 26. Na6 Nce7 27. Nc7 Rd7 28. Rfc1 Ne5 29. Nb5 Rxc3 30. Rxc3 Nd5 31. Rc8+ Kh7 32. Bd4 Ng6 33. e3 Nge7 34. Ra8 Nc6 35. Kf3 Nxd4+ 36. Nxd4 Kg6 37. Nc6 Rc7 38. Ne5+ Kf5 39. Nd3 Ke6 40. e4 Ne7 41. Ke3 Nc6 42. f4 f6 43. g4 g5 44. f5+ Kf7 45. Rh8 Kg7 46. Ra8 Re7 47. Rc8 Na5 48. b4 Nb7 49. Kd4 Nd6 50. Rc6 Nxe4 51. Re6 Rxe6 52. fxe6 Nd6 53. Kd5 Ne8 54. b5 Kg6 55. Nb4 f5 56. gxf5+ Kxf5 57. Nc6 Nc7+ 58. Kd6 Nxe6 59. Nxa7 Nd4 60. Nc8 Nxb5+ 61. Kc6 Nd4+ 62. Kd5 Nf3 63. Nxb6 h5 64. Nc4 Kf4 65. Nd6 Ng1 66. h4 gxh4 0-1


[Site "https://www.chess.com"]

[Event "Titled Tuesday Blitz December 20 Early 2022"]
[White "Marenco Fernandez, Oscar"]
[Black "aidenzhouu"]
[WhiteFideId "6503080"]
[WhiteElo "1885"]
[BlackElo "2386"]
[Result "1-0"]
[Round "01"]
[TimeControl "180+2"]
[Date "2022.12.20"]
[WhiteClock "0:01:07"]
[BlackClock "0:00:20"]

1. e4 c6 2. d4 d5 3. exd5 cxd5 4. c4 Nf6 5. Nc3 Nc6 6. Bg5 e6 7. Nf3 Be7 8. c5 Ne4 9. Bxe7 Qxe7 10. Bb5 Nxc3 11. bxc3 Bd7 12. O-O O-O 13. Re1 f6 14. c4 Qf7 15. cxd5 exd5 16. h3 Rfe8 17. Qd2 Rxe1+ 18. Rxe1 Re8 19. Rxe8+ Qxe8 20. Bd3 Qb8 21. Bc2 b6 22. Qd3 g6 23. Bb3 Be6 24. Qb5 Qc7 25. a4 Na5 26. Qe8+ Kg7 27. Qxe6 Nxb3 28. Qxd5 Na5 29. h4 Qc6 30. Qd8 Qb7 31. d5 Nc4 32. c6 Qf7 33. c7 1-0


[Site "https://www.chess.com"]

[Event "Titled Tuesday Blitz December 20 Early 2022"]
[White "Martinez Ramirez, Lennis"]
[Black "Huda, Maryana"]
[WhiteFideId "3509079"]
[BlackFideId "14116553"]
[WhiteElo "2426"]
[BlackElo "2160"]
[Result "1-0"]
[Round "01"]
[TimeControl "180+2"]
[Date "2022.12.20"]
[WhiteClock "0:00:15"]
[BlackClock "0:00:06"]

1. c4 e6 2. d4 d5 3. Nf3 c5 4. cxd5 exd5 5. Nc3 Nc6 6. g3 Nf6 7. Bg2 cxd4 8. Nxd4 Bc5 9. Nb3 Bb6 10. Nxd5 O-O 11. O-O Be6 12. e4 Bxd5 13. exd5 Nb4 14. d6 Qd7 15. Bg5 Ng4 16. Be7 Rfe8 17. Rc1 Nxa2 18. Ra1 Nb4 19. Qf3 Ne5 20. Qxb7 Rab8 21. Qxd7 Nxd7 22. Ra4 a5 23. Nxa5 Bxa5 24. Rxa5 f6 25. Ra7 Ne5 26. Rc1 Ng6 27. Rcc7 Nxe7 28. dxe7 Kf7 29. Be4 g6 30. b3 f5 31. Bf3 Kf6 32. h4 h5 33. Kg2 Rb6 34. Rd7 Re6 35. Rab7 Nc2 36. Bd5 R6xe7 37. Rd6+ Ke5 38. Rbb6 Ne1+ 39. Kf1 Nd3 40. Bc4 Nc5 41. Rd5+ Ke4 42. Rxc5 Kf3 43. Bd5+ Kg4 44. Kg2 Re1 45. Rc4+ f4 46. Rxf4# 1-0


[Site "https://www.chess.com"]

[Event "Titled Tuesday Blitz December 20 Early 2022"]
[White "MatthewG-p4p"]
[Black "Rosenberg, Sergei G"]
[BlackFideId "4102444"]
[WhiteElo "2825"]
[BlackElo "2418"]
[Result "1/2-1/2"]
[Round "01"]
[TimeControl "180+2"]
[Date "2022.12.20"]
[WhiteClock "0:00:19"]
[BlackClock "0:00:20"]

1. e4 e5 2. Nf3 Nc6 3. d4 exd4 4. Nxd4 Nf6 5. Nxc6 bxc6 6. e5 Qe7 7. Qe2 Nd5 8. h4 f6 9. c4 Ba6 10. Rh3 Nb6 11. exf6 Qxe2+ 12. Bxe2 gxf6 13. b3 O-O-O 14. Bb2 Re8 15. Bxf6 Rg8 16. Kf1 d5 17. Nd2 Bc5 18. Rc1 Rxg2 19. Kxg2 Rxe2 20. Bg5 Rxf2+ 21. Kh1 Bb4 22. Rh2 Rxh2+ 23. Kxh2 Bxd2 24. Bxd2 dxc4 25. bxc4 Nxc4 26. Bf4 Bb5 27. Rc2 Kd7 28. a4 Ba6 29. h5 Nd6 30. Kg3 Bd3 31. Rd2 Ne4+ 32. Kf3 Nxd2+ 33. Bxd2 a5 34. Bxa5 Bc2 35. Bc3 Bxa4 36. h6 Bc2 37. Bg7 Bg6 38. Ke3 Kd6 39. Kd4 c5+ 40. Kc3 Kd5 41. Bf8 c4 42. Bg7 c6 43. Bf8 Bd3 44. Bg7 Ke6 45. Bf8 Kf7 46. Bg7 Be2 47. Kd2 Bd3 48. Kc3 Kg6 49. Kd2 Kf7 50. Kc3 1/2-1/2


[Site "https://www.chess.com"]

[Event "Titled Tuesday Blitz December 20 Early 2022"]
[White "Mestnikov, Aisen"]
[Black "ChessicallyInclined"]
[WhiteFideId "34130117"]
[WhiteElo "2043"]
[BlackElo "2693"]
[Result "1-0"]
[Round "01"]
[TimeControl "180+2"]
[Date "2022.12.20"]
[WhiteClock "0:00:39"]
[BlackClock "0:00:11"]

1. d4 Nf6 2. c4 b6 3. Nf3 Bb7 4. g3 g6 5. Bg2 Bg7 6. O-O O-O 7. Nc3 Ne4 8. Qc2 Nxc3 9. Qxc3 c5 10. e3 Nc6 11. Rd1 Rc8 12. Qd3 cxd4 13. exd4 d5 14. cxd5 Nb4 15. Qb5 Nc2 16. Rb1 Qxd5 17. Qxd5 Bxd5 18. b3 Bxf3 19. Bxf3 Nxd4 20. Bg2 Ne2+ 21. Kf1 Nc3 22. Be3 Nxb1 23. Rxb1 Rc2 24. a4 Rb2 25. Rd1 Rxb3 26. Rd7 a5 27. Rxe7 Rb4 28. Bc6 Bd4 29. Bh6 Rc8 30. Bd5 Rd8 31. Rxf7 Kh8 32. Bc6 Rb2 33. h4 Kg8 34. Bd5 Kh8 35. Bc6 Rc2 36. Be4 Rc5 37. g4 Kg8 38. Rb7 Re8 39. f3 Rc4 40. Bd5+ Kh8 41. Bxc4 1-0


[Site "https://www.chess.com"]

[Event "Titled Tuesday Blitz December 20 Early 2022"]
[White "Michelin, Badi"]
[Black "IamSchrodingersCat"]
[WhiteFideId "26032708"]
[WhiteElo "1762"]
[BlackElo "2591"]
[Result "1-0"]
[Round "01"]
[TimeControl "180+2"]
[Date "2022.12.20"]
[WhiteClock "0:01:11"]
[BlackClock "0:00:19"]

1. Nf3 Nf6 2. c4 g6 3. Nc3 Bg7 4. d4 O-O 5. e3 d6 6. Be2 Nbd7 7. O-O e5 8. Qc2 Re8 9. Rd1 e4 10. Nd2 Qe7 11. b4 Nf8 12. Bb2 Bf5 13. Rac1 c6 14. Nb3 h5 15. d5 N8h7 16. Nd4 Bd7 17. dxc6 bxc6 18. b5 c5 19. Nc6 Bxc6 20. bxc6 Rac8 21. Nd5 Qe6 22. Qa4 Qf5 23. Bxf6 Nxf6 24. Qxa7 Qg5 25. Ne7+ Rxe7 26. Qxe7 Rxc6 27. Rxd6 Rxd6 28. Qxd6 h4 29. h3 Qf5 30. a4 Nd7 31. Bg4 1-0


[Site "https://www.chess.com"]